 Dungeon Crawl Stone Soup version 0.20-a0-472-g5c05303 (webtiles) character file.

1940 Derfel the Cleaver (level 9, -11/72 HPs)
             Began as a Hill Orc Fighter on Jan 14, 2017.
             Was a Believer of Qazlal.
             Splashed by an acid dragon's acid (13 damage)
             ... on level 6 of the Dungeon.
             The game lasted 00:20:03 (6150 turns).

Derfel the Cleaver (Hill Orc Fighter)               Turns: 6150, Time: 00:20:03

Health: -11/72     AC:  3    Str: 22    XL:     9   Next: 18%
Magic:  12/12      EV:  7    Int: 13    God:    Qazlal [**....]
Gold:   149        SH: 11    Dex: 10    Spells: 8/8 levels left

rFire  . . .     SeeInvis .     a - +1 war axe
rCold  + . .     Gourm    .     N - +0 chain mail
rNeg   . . .     Faith    .     c - +0 shield
rPois  +         Spirit   .     (helmet restricted)
rElec  .         Reflect  .     C - +0 cloak of Trog's Hope {rPois rC+ Regen+ Int+3}
rCorr  .         Harm     .     w - +1 pair of gloves
MR     .....                    L - +0 pair of boots (curse)
Stlth  ..........               (no amulet)
                                (no ring)
                                G - +2 ring of evasion

@: corroded
A: antennae 1, clever 1, clumsy 1, deformed body, frail 1, screaming 1, strong
1, MP-powered wands
a: Upheaval, Renounce Religion


You were on level 6 of the Dungeon.
You worshipped Qazlal.
Qazlal was pleased with you.
You were not hungry.

You visited 1 branch of the dungeon, and saw 6 of its levels.

You collected 149 gold pieces.

Inventory:

Hand Weapons
 a - a +1 war axe (weapon)
 b - a +0 hunting sling
 n - a +2 whip of venom
 I - a +1 mace of crushing
Missiles
 e - 143 stones
 j - a throwing net
 t - 35 sling bullets
 B - 11 tomahawks (quivered)
Armour
 c - a +0 shield (worn)
 h - a +0 cloak
 k - a +0 helmet
 w - a +1 pair of gloves (worn)
 C - the +0 cloak of Trog's Hope (worn) {rPois rC+ Regen+ Int+3}
   (You found it on level 6 of the Dungeon)

   It affects your intelligence (+3).
   It protects you from cold.
   It protects you from poison.
   It increases your rate of regeneration.
 J - a +0 leather armour of magic resistance
 L - a cursed +0 pair of boots (worn)
 N - a +0 chain mail (worn)
Magical Staves
 d - an uncursed staff of earth {unknown}
Jewellery
 G - a +2 ring of evasion (left hand)
Scrolls
 i - a scroll of random uselessness {unknown}
 l - 2 scrolls of enchant weapon
 m - a scroll of acquirement {unknown}
 o - a scroll of identify {@r1}
 q - a scroll of blinking {unknown}
 r - a scroll of amnesia
 s - a scroll of remove curse {@r2}
 y - 2 scrolls of teleportation {unknown}
 z - a scroll of enchant armour {unknown}
 K - a scroll of immolation {unknown}
Potions
 p - a potion of resistance
 x - a potion of flight
 A - 2 potions of haste
 E - a potion of berserk rage
 F - a potion of might
Comestibles
 f - 5 bread rations
 g - 3 beef jerkies
 u - 2 royal jellies
 v - 2 slices of pizza
 D - 2 meat rations
 H - 6 chunks of flesh


   Skills:
 + Level 8.2 Fighting
 + Level 9.1 Axes
 + Level 7.9 Armour
 - Level 3.2 Shields
 + Level 4.2 Invocations


You had 8 spell levels left.
You didn't know any spells.

Dungeon Overview and Level Annotations

Branches:
Dungeon (6/15)             Temple (0/1) D:6

Altars:
Elyvilon
Fedhas
Nemelex Xobeh
Qazlal
Zin


Innate Abilities, Weirdness & Mutations

You have a pair of small antennae on your head.
Your mind is acute. (Int +2)
You are clumsy. (Dex -2)
Armour fits poorly on your strangely shaped body.
You are frail. (-10% HP)
You occasionally shout uncontrollably at your foes.
Your muscles are strong. (Str +2)
You expend magic power (3 MP) to strengthen your wands.


Message History

You closely miss the acid dragon.
The acid dragon is heavily wounded.
You block the acid dragon's attack.
The acid dragon claws you but does no damage.
Your chain mail prevents you from hitting the acid dragon.
The acid dragon is heavily wounded.
The acid dragon spits acid at you. The splash of acid hits you!
* * * LOW HITPOINT WARNING * * *
You are splashed with acid!
The acid burns!
* * * LOW HITPOINT WARNING * * *
You block the acid dragon's attack.
The acid dragon claws you but does no damage.
You closely miss the acid dragon.
The acid dragon is heavily wounded.
The acid dragon spits acid at you. The splash of acid hits you!
* * * LOW HITPOINT WARNING * * *
The acid corrodes you!
You are splashed with acid!
The acid burns!
You die...

##...............##
####..........####..#
......###.##### #..#
#..##.# #.# ##.##
......# #.# #..#
##....###.# #####.##
##.##.#...# #...#.#
.#..#...#..# #.§.#
.##.#...##...##.@.#
..#.....# #.###D.§.#
#.#..###.# .##.###.#
#.....# #.#.#.# .#
##.##..# ## ## ## #.#
#.... #.. .### ##..
## ..#


You could see an acid dragon.

Vanquished Creatures
  The ghost of crawlcharacter the Cleaver, an amateur MiBe of Trog (D:4)
  Grinder (D:3)
  A sky beast (D:5)
  An ice beast (D:5)
  4 ogres
  A centaur (D:6)
  A scorpion (D:5)
  2 crimson imps
  A centaur zombie (D:6)
  2 orc priests
  2 hounds
  2 iguanas (D:4)
  Natasha (thrice) (D:4)
  5 orc wizards
  3 worker ants
  A killer bee zombie (D:5)
  A hound zombie (D:6)
  2 hound skeletons
  2 worker ant zombies (D:5)
  4 gnolls
  11 adders
  2 oozes
  An adder zombie (D:6)
  5 worms
  6 dart slugs
  A leopard gecko (D:5)
  15 orcs
  6 giant cockroaches
  11 goblins
  7 hobgoblins
  2 jackals (D:1)
  A quokka (D:2)
  10 bats
  4 frilled lizards
  7 kobolds
  5 rats
134 creatures vanquished.

Notes
Turn   | Place    | Note
-------+----------+-------------------------------------------
     0 | D:1      | Derfel the Hill Orc Fighter began the quest for the Orb.
     0 | D:1      | Reached XP level 1. HP: 19/19 MP: 1/1
    68 | D:1      | Reached skill level 3 in Axes
   136 | D:1      | Reached XP level 2. HP: 27/27 MP: 2/2
   342 | D:1      | Reached XP level 3. HP: 9/33 MP: 3/3
  1174 | D:2      | Found a blossoming altar of Fedhas.
  1279 | D:2      | Reached XP level 4. HP: 41/41 MP: 4/4
  1293 | D:2      | Reached skill level 4 in Axes
  1612 | D:2      | Found a glowing silver altar of Zin.
  1665 | D:2      | Found a stormy altar of Qazlal.
  1878 | D:2      | Became a worshipper of Qazlal Stormbringer
  2215 | D:3      | Reached XP level 5. HP: 44/47 MP: 5/5
  2378 | D:3      | Reached skill level 5 in Fighting
  2410 | D:3      | Found a sparkling altar of Nemelex Xobeh.
  2435 | D:3      | Noticed Grinder
  2454 | D:3      | Paralysed by Grinder for 4 turns
  2462 | D:3      | Killed Grinder
  2462 | D:3      | Reached skill level 5 in Axes
  2462 | D:3      | Reached skill level 5 in Armour
  2462 | D:3      | Reached XP level 6. HP: 25/57 MP: 6/6
  2937 | D:3      | Reached XP level 7. HP: 4/63 MP: 7/7
  3279 | D:3      | Found a white marble altar of Elyvilon.
  3317 | D:3      | Reached skill level 6 in Axes
  3898 | D:4      | Reached * piety under Qazlal
  3917 | D:4      | Noticed crawlcharacter's ghost (amateur MiBe)
  3962 | D:4      | Killed crawlcharacter's ghost
  3962 | D:4      | Reached skill level 7 in Axes
  3962 | D:4      | Reached XP level 8. HP: 35/71 MP: 8/8
  4259 | D:4      | Noticed Natasha
  4266 | D:4      | Killed Natasha
  4386 | D:4      | Noticed Natasha
  4403 | D:4      | Killed Natasha
  4687 | D:4      | Noticed Natasha
  4694 | D:4      | Killed Natasha
  4887 | D:5      | Entered Level 5 of the Dungeon
  4897 | D:5      | Reached skill level 1 in Invocations
  4995 | D:5      | Reached skill level 8 in Axes
  5529 | D:5      | Reached XP level 9. HP: 55/81 MP: 11/11
  5776 | D:5      | Gained mutation: You occasionally shout uncontrollably at your foes. [mutagenic meat]
  5777 | D:5      | Gained mutation: Armour fits poorly on your strangely shaped body. [mutagenic meat]
  5778 | D:5      | Gained mutation: Your mind is acute. (Int +2) [mutagenic meat]
  5779 | D:5      | Gained mutation: You expend magic power (3 MP) to strengthen your wands. [mutagenic meat]
  5780 | D:5      | Gained mutation: Your muscles are strong. (Str +2) [mutagenic meat]
  5787 | D:5      | Gained mutation: You have a pair of small antennae on your head. [potion of mutation]
  5787 | D:5      | Gained mutation: You are clumsy. (Dex -2) [potion of mutation]
  5787 | D:5      | Gained mutation: You are frail. (-10% HP) [potion of mutation]
  5806 | D:6      | Reached skill level 9 in Axes
  5816 | D:6      | Reached ** piety under Qazlal
  5849 | D:6      | Got a faintly glowing cloak
  5860 | D:6      | Identified the +0 cloak of Trog's Hope {rPois rC+ Regen+ Int+3} (You found it on level 6 of the Dungeon)
  6019 | D:6      | Found a staircase to the Ecumenical Temple.
  6150 | D:6      | HP: 2/72 [acid dragon/splash of acid (6)]
  6150 | D:6      | Splashed by an acid dragon's acid

Vault maps used:
D:1:      erik_arrival_triangle_small, minmay_tripent
D:2:      zin_scriptorium, grunt_temple_overflow_forces_of_nature,
          kennysheep_generic_room_16
D:3:      elyvilon_altar_3, marbit_many_paths, first_bread, uniq_grinder
D:4:      minmay_strange_pillars, uniq_natasha
D:5:      minmay_misc_feat_iff
D:6:      kb_rosetta

Skill      XL: |  1  2  3  4  5  6  7  8  9 |
---------------+----------------------------+-----
Axes           | 3 4 5 7 8 9 |  9.1
Fighting       | 4 5 6 7 8 |  8.2
Armour         | 4 5 6 7 |  7.9
Invocations    | 3 4 |  4.2
Shields        | |  3.2

Action                   |  1- 3 |  4- 6 |  7- 9 || total
-------------------------+-------+-------+-------++-------
Melee: War axe           |   101 |   123 |   275 ||   499
 Fire: Hunting sling     |     2 |    10 |     4 ||    16
Throw: Stone             |       |    10 |       ||    10
  Use: Potion            |       |     1 |     3 ||     4
       Scroll            |       |       |    12 ||    12
  Eat: Chunk             |     1 |     6 |    15 ||    22
Armor: Scale mail        |    54 |    82 |    60 ||   196
       Chain mail        |       |       |    26 ||    26
Dodge: Dodged            |    30 |    41 |    65 ||   136
Block: Shield            |    56 |    58 |   152 ||   266
